 Dungeon Crawl Stone Soup version 0.19.0-20-gbc5f0c6 (webtiles) character file.

117353 Jannitor the Brawler (level 16, -2/167 HPs)
             Began as a Troll Chaos Knight on Nov 14, 2016.
             Was an Elder of Jiyva.
             Slain by a shambling mangrove (27 damage)
             ... on level 4 of the Swamp on Nov 16, 2016.
             The game lasted 01:38:44 (27789 turns).

Jannitor the Brawler (Troll Chaos Knight)          Turns: 27789, Time: 01:38:45

Health: -2/167     AC: 16    Str: 26    XL:     16   Next: 23%
Magic:  15/15      EV: 11    Int:  8    God:    Jiyva [****..]
Gold:   2695       SH:  0    Dex: 23    Spells: 0 memorised, 15 levels left

rFire  + + .     SeeInvis +       - Unarmed
rCold  + . .     Gourm    +     x - +0 fire dragon scales
rNeg   . . .     Faith    .     (no shield)
rPois  +         Spirit   .     e - +0 hat {MR+}
rElec  +         Reflect  .     M - +0 cloak "Beeffune" {rC+ MR- Dex+9} (curse)
rCorr  +         Harm     +     (gloves unavailable)
MR     ++...     Clarity  +     (boots unavailable)
Stlth  +.........               h - amulet of harm
                                W - ring of protection from cold
                                Y - ring of poison resistance

@: about to teleport, grasped by roots, very slow
A: unfitting armour, claws 3, talons 2, thin skeletal structure 1, see
invisible, clarity, fast metabolism 3, gourmand, magic resistance 1,
regeneration 1, shaggy fur 1, electricity resistance, tough skin 2, jelly
absorbing missiles
a: Request Jelly, Slimify, Renounce Religion


You were on level 4 of the Swamp.
You worshipped Jiyva.
Jiyva was greatly pleased with you.
You were completely stuffed.

You visited 6 branches of the dungeon, and saw 33 of its levels.
You also visited: Labyrinth, Ossuary and Ice Cave.

You collected 3211 gold pieces.
You spent 516 gold pieces at shops.

Inventory:

Armour
 e - a +0 hat of magic resistance (worn)
 k - a +2 robe of cold resistance
 x - +0 fire dragon scales (worn)
 M - the cursed +0 cloak "Beeffune" (worn) {rC+ MR- Dex+9}
   (You found it on level 15 of the Dungeon)

   It affects your dexterity (+9).
   It protects you from cold.
   It affects your resistance to hostile enchantments.
   It has a curse placed upon it.
 S - +0 swamp dragon scales
Rods
 i - a +4 rod of ignition (9/9)
   (You found it in a labyrinth)
 J - a +7 iron rod (11/11)
   (You found it in a labyrinth)
Jewellery
 d - an uncursed ring of flight
 f - a +5 ring of strength
 h - an amulet of harm (around neck)
 l - an uncursed ring of magical power {unknown}
 n - an uncursed ring of fire
 C - an uncursed ring of ice
 F - an uncursed ring of see invisible
 G - an uncursed ring of positive energy
 U - the ring "Virix" {Wiz Dex+3}
   (You found it on level 9 of the Dungeon)

   [ring of wizardry]

   It improves your spell success rate.
   It affects your dexterity (+3).
 W - a ring of protection from cold (right claw)
 Y - a ring of poison resistance (left claw)
Wands
 v - a wand of acid (3/15)
 y - a wand of heal wounds (2/9)
 E - a wand of acid (9/15)
 K - a wand of lightning (3/15)
 N - a wand of digging (10/24)
 X - a wand of disintegration (18/24)
Scrolls
 c - a scroll of teleportation
 j - 26 scrolls of identify
 o - 7 scrolls of remove curse
 q - 7 scrolls of amnesia
 s - a scroll of enchant weapon
 z - 4 scrolls of recharging
 A - a scroll of magic mapping
Potions
 a - 2 potions of magic
 m - 6 potions of curing
 p - a potion of resistance
 r - a potion of agility
 u - a potion of cure mutation
 w - 2 potions of brilliance
 D - a potion of flight
 O - 2 potions of heal wounds
 P - a potion of invisibility
 T - 2 potions of might
Miscellaneous
 H - a phial of floods
 Q - a fan of gales
 R - a lamp of fire
Comestibles
 b - 13 bread rations
 g - 8 meat rations
 t - 7 beef jerkies
 B - 11 slices of pizza
 L - 28 fruits
 V - 2 royal jellies


   Skills:
 + Level 12.8 Fighting
 * Level 9.8 Armour
 - Level 10.8 Dodging
 + Level 18.4 Unarmed Combat


You had 15 spell levels left.
You didn't know any spells.

Dungeon Overview and Level Annotations

Branches:
Dungeon (15/15)            Temple (1/1) D:6            Lair (6/6) D:8
  Swamp (4/4) Lair:3        Snake (0/4) Lair:3        Slime (5/5) Lair:6
    Orc (2/2) D:10            Elf (0/3) Orc:2        Vaults (0/5) D:14
 Depths (0/5) D:15

Altars:
Ashenzari
Cheibriados
Dithmenos
Elyvilon
Fedhas
Gozag
Hepliaklqana
Kikubaaqudgha
Makhleb
Nemelex Xobeh
Okawaru
Qazlal
Ru
Sif Muna
Trog
Uskayaw
Vehumet
Xom
Yredelemnul
Zin
The Shining One
Jiyva

Shops:
D:10 *   D:11 *   D:12 (?   Orc:2 *:[?(

Annotations:
Slime:5 Royal Jelly


Innate Abilities, Weirdness & Mutations

You are too large for most types of armour.
You have claws for hands.
Your metabolism is lightning-fast.
You like to eat raw meat.
Your natural rate of healing is unusually fast.
You are covered in fur. (AC +1)
You have very tough skin. (AC +2)
You have razor-sharp toenails.
You have a somewhat thin skeletal structure. (Dex +2, Stealth)
You have supernaturally acute eyesight. (SInv)
You possess an exceptional clarity of mind.
You are resistant to hostile enchantments. (MR+)
You are resistant to electric shocks. (rElec)
You have a small jelly attached to you that may absorb incoming projectiles.


Message History

* * * LOW HITPOINT WARNING * * *
Unknown command.
As you read the scroll of teleportation, it crumbles to dust.
You feel strangely unstable.
Unknown command.
You claw the shambling mangrove! You claw the shambling mangrove.
Your claw misses the shambling mangrove.
The shambling mangrove is almost destroyed.
The shambling mangrove hits you!!
* * * LOW HITPOINT WARNING * * *
Unknown command.
Evoke which item? (* to show all) (? for menu, Esc to quit)
Zapping:
y - a wand of heal wounds (3/9)
Press: ? - help, Shift-Dir - straight line, f - you You feel much better.
This wand has 2 charges left.
The hornet barely misses you. The hornet stings you.
* * * LOW HITPOINT WARNING * * *
The hornet stings you but does no damage.
The shambling mangrove hits you!!
You die...

###≈♣♣≈≈≈≈≈≈≈♣♣ ♣≈≈
..##♣♣≈≈≈≈≈≈..♣♣♣♣♣.≈≈≈≈
...# ♣♣..≈...≈♣♣.≈♣≈≈≈≈≈
(..# ♣.≈.♣♣≈§♣♣(....≈≈
...# ♣†≈≈≈≈≈≈≈.≈§.♣≈.
.(## ♣≈≈≈≈≈≈≈≈≈≈≈.≈♣ ###
♣♣≈..§§≈≈≈≈≈≈≈♣♣ ≈
♣♣...≈≈≈≈fyy≈..♣♣♣
.≈♣♣≈≈§≈≈≈≈≈≈@y..≈≈≈♣
.≈..≈≈≈†§≈≈≈.♣♣♣♣≈≈≈♣
..≈≈≈≈≈....≈♣♣ ...≈..
♣♣≈.≈≈≈≈≈≈...≈♣♣ ♣♣♣♣♣♣
≈.≈.≈≈≈≈≈≈≈≈≈....
≈≈..≈≈≈≈≈≈≈≈≈≈≈≈≈.♣ .♣
...§≈≈§.≈≈≈≈≈≈.♣ ♣♣
♣♣♣≈≈≈≈.≈≈≈≈≈≈.♣
♣.≈≈≈.≈≈...≈♣♣


You could see a shambling mangrove and 3 hornets.

Vanquished Creatures
  A tentacled monstrosity (Swamp:1)
  A thorn hunter (Swamp:2)
  Azrael (Orc:2)
  A white draconian (IceCv)
  A minotaur (Lab)
  An ettin (D:15)
  A fire dragon (Lair:6)
  An ice dragon (Lair:6)
  5 centaur warriors
  11 hydras
  A ghost crab (Swamp:3)
  2 alligators
  4 death yaks
  2 orc high priests (Orc:2)
  The ghost of Antunes the Cleaver, a novice HuFi of Okawaru (Lair:4)
  Nergalle (Lair:2)
  Urug (D:12)
  2 unseen horrors
  A shambling mangrove (Swamp:2)
  A flayed ghost (D:13)
  A wizard (D:15)
  A spriggan druid (Swamp:2)
  8 swamp dragons
  A necromancer (D:14)
  A wolf spider zombie (D:14)
  2 lindwurms (Lair:6)
  5 orc knights
  6 hill giants
  2 deep elf magi
  A wolf spider (D:14)
  2 cyclopes
  A manticore (D:13)
  3 orc sorcerers
  10 ugly things
  An ice statue (IceCv)
  4 black mambas
  Maurice (D:11)
  12 spiny frogs
  7 torpor snails
  4 gargoyles
  An efreet (D:15)
  6 centaur skeletons
  7 rime drakes
  3 komodo dragons
  A kobold demonologist (D:12)
  4 tengu conjurers (D:15)
  A meliai (shapeshifter) (D:13)
  2 trolls
  14 polar bears
  2 two-headed ogres
  3 meliai (D:15)
  16 blink frogs
  A minotaur zombie (Lab)
  16 hornets
  Grinder (D:6)
  9 tyrant leeches
  A dream sheep (Lair:5)
  12 bog bodies
  14 hippogriffs
  Sigmund (D:3)
  2 shadows
  2 wraiths
  8 redbacks (D:15)
  6 spriggans
  3 wyverns
  A vampire (D:15)
  53 yaks
  2 steam dragons (Lair:6)
  2 water elementals
  4 basilisks
  A hog (D:8)
  24 humans
  A hungry ghost (D:8)
  4 fire elementals (Orc:2)
  The ghost of SaintRoka the Ruffian, an amateur HOTm (Ossuary)
  Eustachio (D:6)
  5 wargs
  7 mottled dragons
  12 vampire mosquitoes
  14 swamp worms
  6 nagas (Lair:3)
  A spatial vortex (D:3)
  7 insubstantial wisps
  A soldier ant (D:14)
  5 water moccasins
  8 porcupines
  A hell hound (Orc:2)
  34 orc warriors
  13 swamp drakes
  5 ice beasts
  A black bear (D:9)
  5 phantoms
  A sky beast (D:12)
  18 wolves
  9 ogres
  The ghost of SaintRoka the Ruffian, an amateur HOTm (D:3)
  5 centaurs
  11 crocodiles
  A big kobold (D:9)
  13 bullfrogs
  A gnoll sergeant (D:12)
  A wyvern zombie (D:14)
  A water moccasin zombie (D:11)
  17 scorpions
  A wyvern skeleton (D:10)
  13 killer bees
  A wight (D:13)
  7 electric eels
  4 howler monkeys
  4 crimson imps
  3 bullfrog zombies
  5 centaur zombies
  A jelly (D:8)
  4 hounds
  9 orc priests
  2 human skeletons (D:4)
  17 orc wizards
  A bullfrog skeleton (D:13)
  2 hell rats (Lair:6)
  7 iguanas
  Natasha (twice) (D:3)
  7 worker ants
  3 big kobold zombies (Ossuary)
  3 mummies (Ossuary)
  7 gnolls
  10 adders
  2 river rats (D:8)
  3 scorpion zombies (Ossuary)
  2 shadow imps
  2 oozes
  A worm (D:3)
  2 dart slugs
  3 leopard geckos
  78 orcs
  A ball python (D:2)
  6 giant cockroaches
  2 gnoll zombies (Ossuary)
  10 goblins
  5 hobgoblins
  13 kobolds
  3 quokkas
  14 bats
  6 frilled lizards
  A goblin zombie (Ossuary)
  3 hobgoblin zombies (Ossuary)
  A jackal zombie (D:5)
  2 kobold zombies (Ossuary)
  A leopard gecko skeleton (D:4)
  4 orc skeletons (D:4)
  3 orc zombies (Ossuary)
  18 rats
  4 briar patches (Swamp:2)
  A butterfly (Lair:6)
  A fungus (Lair:1)
  A plant (Lair:2)
853 creatures vanquished.

Vanquished Creatures (collateral kills)
  A cyclops (D:15)
  A blink frog (Lair:5)
  A crocodile (Lair:3)
  A scorpion (Ossuary)
4 creatures vanquished.

Vanquished Creatures (others)
  2 acid blobs
  A thorn hunter (Swamp:3)
  2 great orbs of eyes
  A hydra (Swamp:2)
  2 spriggans (Swamp:2)
  A spriggan druid (Swamp:2)
  A shambling mangrove (Swamp:1)
  2 ugly things (D:15)
  A shining eye (Slime:5)
  A manticore (D:15)
  A centaur zombie (D:13)
  2 spiny frogs
  A tengu conjurer (D:15)
  2 tyrant leeches
  12 slime creatures
  3 hornets
  A bog body (Swamp:4)
  A blink frog (Lair:6)
  A hippogriff (D:12)
  2 golden eyes
  An insubstantial wisp (Swamp:1)
  3 swamp worms
  A warg (D:10)
  A mottled dragon (D:14)
  A water moccasin (D:10)
  3 orc warriors
  A swamp drake (Swamp:3)
  An eye of draining (D:10)
  6 centaurs
  3 crocodiles
  5 bullfrogs
  A scorpion (D:12)
  4 killer bees (D:13)
  2 wights (D:13)
  2 crimson imps
  118 jellies
  A bullfrog zombie (D:10)
  2 orc priests
  2 hounds
  A bullfrog skeleton (D:13)
  3 orc wizards
  An iguana (D:12)
  A worker ant (D:10)
  4 hell rats (Lair:6)
  9 oozes (Lair:1)
  An adder (D:10)
  9 orcs
  2 briar patches (Swamp:2)
  A bush (Swamp:4)
  38 fungi
  18 plants
286 creatures vanquished.

Grand Total: 1143 creatures vanquished

Notes
Turn   | Place    | Note
-------+----------+-------------------------------------------
     0 | D:1      | Jannitor the Troll Chaos Knight began the quest for the Orb.
     0 | D:1      | Reached XP level 1. HP: 22/22 MP: 0/0
    64 | D:1      | XOM: harmless Summ miscast
    69 | D:1      | Reached XP level 2. HP: 27/29 MP: 1/1
   130 | D:1      | XOM: harmless Air miscast
   241 | D:1      | XOM: divination: detect creatures
   283 | D:1      | XOM: cloud trail
   344 | D:1      | XOM: divination: detect creatures
   544 | D:1      | XOM: divination: magic mapping
   655 | D:1      | XOM: cloud trail
   683 | D:1      | XOM: god gift: 34 gold pieces
   701 | D:2      | Reached XP level 3. HP: 33/36 MP: 2/2
   934 | D:2      | XOM is BORED!
   934 | D:2      | XOM: give mutations
   934 | D:2      | Gained mutation: Scrolls take you a little longer to read. [Xom's mischief]
   934 | D:2      | Gained mutation: You occasionally shout uncontrollably at your foes. [Xom's mischief]
   934 | D:2      | Lost mutation: Scrolls take you a little longer to read. [Xom's mischief]
   934 | D:2      | Gained mutation: You are partially covered in yellow scales. (AC +2) [Xom's mischief]
   937 | D:2      | XOM: stat loss: -1 Dex (9/10)
  1134 | D:2      | Reached skill level 4 in Unarmed Combat
  1139 | D:2      | Reached XP level 4. HP: 44/44 MP: 3/3
  1332 | D:3      | Found a radiant altar of Vehumet.
  1350 | D:3      | Noticed Natasha
  1353 | D:3      | Killed Natasha
  1385 | D:3      | Found a glowing golden altar of the Shining One.
  1402 | D:3      | XOM: polymorph orc -> rat
  1407 | D:3      | Reached XP level 5. HP: 43/53 MP: 4/4
  1451 | D:3      | Noticed SaintRoka's ghost (amateur HOTm)
  1456 | D:3      | Killed SaintRoka's ghost
  1456 | D:3      | Reached skill level 5 in Unarmed Combat
  1581 | D:3      | XOM: give mutations
  1581 | D:3      | Gained mutation: You have supernaturally acute eyesight. (SInv) [Xom's grace]
  1581 | D:3      | Gained mutation: You have a somewhat thin skeletal structure. (Dex +2, Stealth) [Xom's grace]
  1581 | D:3      | Gained mutation: You are resistant to hostile enchantments. (MR+) [Xom's grace]
  1581 | D:3      | Gained mutation: Your system is resistant to poisons. (rPois) [Xom's grace]
  1740 | D:3      | Noticed Sigmund
  1740 | D:3      | XOM: 3-stop teleportation journey
  1741 | D:3      | Noticed Natasha
  1748 | D:3      | Killed Natasha
  1748 | D:3      | Reached XP level 6. HP: 57/61 MP: 5/5
  1782 | D:3      | Killed Sigmund
  1786 | D:3      | XOM: divination: detect items
  1836 | D:3      | XOM: mild Summ miscast
  1837 | D:3      | Noticed a spatial vortex
  1844 | D:3      | Killed a spatial vortex
  2032 | D:4      | XOM: harmless Tloc miscast
  2037 | D:4      | Reached skill level 6 in Unarmed Combat
  2037 | D:4      | Reached XP level 7. HP: 70/70 MP: 6/6
  2077 | D:4      | XOM: divination: detect creatures
  2104 | D:4      | Found a sand-covered staircase.
  2107 | D:4      | XOM: potion effect (might)
  2114 | Ossuary  | Entered an ossuary
  2122 | Ossuary  | Noticed SaintRoka's ghost (amateur HOTm)
  2127 | Ossuary  | XOM: potion effect (brilliance)
  2130 | Ossuary  | Killed SaintRoka's ghost
  2267 | Ossuary  | Reached skill level 7 in Unarmed Combat
  2268 | Ossuary  | XOM: confuse monster(s)
  2272 | Ossuary  | XOM: potion effect (curing)
  2279 | Ossuary  | Reached XP level 8. HP: 79/79 MP: 7/7
  2555 | D:4      | XOM: scenery: create altars
  2560 | D:4      | XOM: divination: detect items
  2602 | D:4      | Reached skill level 5 in Fighting
  2753 | D:4      | XOM: divination: magic mapping
  2788 | D:4      | XOM: mild Divn miscast
  2843 | D:5      | Entered Level 5 of the Dungeon
  2866 | D:5      | XOM: god gift: 890 gold pieces
  2924 | D:5      | Reached skill level 8 in Unarmed Combat
  3090 | D:5      | Reached skill level 5 in Dodging
  3288 | D:6      | Noticed Eustachio
  3291 | D:6      | XOM: potion effect (berserk rage)
  3293 | D:6      | XOM: mild Fire miscast
  3294 | D:6      | Killed Eustachio
  3380 | D:6      | Found a staircase to the Ecumenical Temple.
  3386 | Temple   | Entered the Ecumenical Temple
  3389 | Temple   | XOM: silly message
  3532 | Temple   | XOM: cloud trail
  3659 | D:6      | Reached XP level 9. HP: 87/88 MP: 8/8
  3809 | D:6      | Noticed Grinder
  3816 | D:6      | Killed Grinder
  3816 | D:6      | Reached skill level 9 in Unarmed Combat
  3838 | D:6      | XOM: harmless Fire miscast
  4977 | D:8      | Reached skill level 10 in Unarmed Combat
  5007 | D:8      | XOM: potion effect (curing)
  5021 | D:8      | XOM: swap monsters
  5025 | D:8      | XOM: polymorph rat -> adder
  5108 | D:8      | Found a staircase to the Lair.
  5127 | D:8      | XOM: cast spell 'Disjunction'
  5139 | D:8      | Reached XP level 10. HP: 93/100 MP: 9/9
  5331 | D:8      | XOM: polymorph bullfrog -> warg
  5336 | D:8      | XOM: noise
  5342 | D:8      | XOM: polymorph warg -> hog
  5365 | D:8      | XOM: summons 3 hostile demons
  5432 | D:8      | XOM: divination: detect creatures
  5837 | D:8      | XOM: give mutations
  5837 | D:8      | Gained mutation: You passively map a small area around you. [Xom's grace]
  5837 | D:8      | Gained mutation: You can translocate small distances at will. [Xom's grace]
  5837 | D:8      | Gained mutation: You are somewhat resistant to further mutation. [Xom's grace]
  5837 | D:8      | Gained mutation: Your flesh is cold resistant. (rC+) [Xom's grace]
  6062 | D:8      | XOM: 3-stop teleportation journey
  6402 | D:9      | Reached skill level 11 in Unarmed Combat
  6465 | D:9      | Found a white marble altar of Elyvilon.
  6509 | Lair:1   | Entered Level 1 of the Lair of Beasts
  6509 | Lair:1   | Noticed a spiny frog
  6511 | Lair:1   | Noticed an eight-headed hydra
  6559 | D:9      | Found an opulent altar of Gozag.
  6559 | D:9      | Found a snail-covered altar of Cheibriados.
  6638 | D:9      | Got a scorched platinum ring
  6640 | D:9      | Identified the ring "Virix" {Wiz Dex+3} (You found it on level 9 of the Dungeon)
  6764 | D:9      | XOM: destruction
  6808 | D:9      | Found a shadowy altar of Dithmenos.
  6951 | Lair:1   | HP: 5/100 [spiny frog (21)]
  6958 | Lair:1   | XOM: enchant monster (good)
  6959 | Lair:1   | XOM: enchant monster (good)
  7140 | Lair:1   | XOM: 1-stop teleportation journey
  7175 | Lair:2   | Noticed a four-headed hydra
  7184 | Lair:2   | XOM: enchant monster (good)
  7190 | Lair:2   | XOM: enchant monster (good)
  7193 | Lair:2   | XOM: potion effect (berserk rage)
  7197 | Lair:2   | Killed an eight-headed hydra
  7215 | Lair:2   | XOM: cloud trail
  7336 | Lair:2   | XOM: cast spell 'Call Canine Familiar'
  7338 | Lair:2   | XOM: divination: detect creatures
  7513 | Lair:2   | Noticed Nergalle
  7525 | Lair:2   | Killed Nergalle
  7525 | Lair:2   | Reached skill level 12 in Unarmed Combat
  7580 | Lair:2   | Noticed a spiny frog
  7586 | Lair:2   | Killed a spiny frog
  7592 | Lair:2   | Reached XP level 11. HP: 62/109 MP: 10/10
  7876 | Lair:2   | XOM: divination: detect creatures
  8272 | Lair:3   | Identified a scroll of acquirement
  8368 | Lair:3   | Found a staircase to the Swamp.
  8375 | Lair:3   | XOM: swap monsters
  8378 | Lair:3   | XOM: enchant monster (bad)
  8432 | Lair:3   | Found a labyrinth entrance.
  8449 | Lab      | Entered a labyrinth
  8779 | Lab      | Lost mutation: You occasionally shout uncontrollably at your foes. [potion of cure mutation]
  8779 | Lab      | Lost mutation: You passively map a small area around you. [potion of cure mutation]
  8779 | Lab      | Lost mutation: You are somewhat resistant to further mutation. [potion of cure mutation]
  8779 | Lab      | Lost mutation: You are resistant to hostile enchantments. (MR+) [potion of cure mutation]
  8826 | Lab      | Noticed a minotaur
  8832 | Lab      | XOM: repel stairs
  8834 | Lab      | Killed a minotaur
  9086 | Lair:3   | XOM: smoke on damage
  9121 | Lair:3   | Reached skill level 13 in Unarmed Combat
  9135 | Lair:3   | Found a bloodstained altar of Trog.
  9250 | Lair:3   | XOM: medium Hex miscast
  9342 | Lair:3   | Found a staircase to the Snake Pit.
  9478 | Lair:3   | Noticed a death yak
  9485 | Lair:3   | Noticed a death yak
  9491 | Lair:3   | Killed a death yak
  9502 | Lair:3   | XOM: medium Divn miscast
  9509 | Lair:3   | XOM: noise
  9521 | Lair:3   | XOM: polymorph hippogriff -> floating eye
  9526 | Lair:3   | XOM: medium Divn miscast
  9532 | Lair:3   | XOM: summons 5 hostile demons
  9560 | Lair:2   | XOM: give mutations
  9560 | Lair:2   | Gained mutation: You have a moderately thin skeletal structure. (Dex +4, Stealth+) [Xom's mischief]
  9560 | Lair:2   | Lost mutation: Your flesh is cold resistant. (rC+) [Xom's mischief]
  9560 | Lair:2   | Gained mutation: You are dopey. (Int -2) [Xom's mischief]
  9560 | Lair:2   | Gained mutation: Your body sometimes deteriorates upon taking damage. [Xom's mischief]
  9840 | Lair:4   | XOM: butterfly on damage
  9848 | Lair:4   | XOM: harmless Conj miscast
  9928 | Lair:4   | XOM is BORED!
  9928 | Lair:4   | XOM: 3-stop teleportation journey
  9929 | Lair:4   | Noticed Antunes's ghost (novice HuFi)
  9932 | Lair:4   | XOM: cast spell 'Summon Small Mammal'
  9938 | Lair:4   | Killed Antunes's ghost
  9938 | Lair:4   | Reached XP level 12. HP: 83/122 MP: 11/11
 10139 | Lair:4   | XOM: god gift: leather armour {god gift}
 10200 | Lair:4   | XOM: summons 2 friendly demons
 10206 | Lair:4   | Reached skill level 14 in Unarmed Combat
 10459 | Lair:4   | XOM: god gift: twisted lead wand {god gift}
 10866 | Lair:5   | Found a frozen archway.
 10866 | Lair:5   | XOM: confuse monster(s)
 10914 | IceCv    | Entered an ice cave
 10923 | IceCv    | XOM: confuse monster(s)
 10926 | IceCv    | XOM: divination: detect creatures
 10954 | IceCv    | XOM: divination: magic mapping
 10979 | IceCv    | XOM: divination: detect items
 11041 | IceCv    | XOM: mild Hex miscast
 11194 | IceCv    | Noticed a death yak
 11201 | IceCv    | XOM: summons 5 friendly demons
 11211 | IceCv    | Killed a death yak
 11292 | IceCv    | XOM: potion effect (haste)
 11327 | IceCv    | Reached skill level 15 in Unarmed Combat
 11419 | IceCv    | Noticed a death yak
 11419 | IceCv    | Noticed a death yak
 11419 | IceCv    | Noticed a white draconian
 11441 | IceCv    | Killed a death yak
 11452 | IceCv    | XOM: divination: magic mapping
 11455 | IceCv    | Killed a death yak
 11455 | IceCv    | Reached XP level 13. HP: 40/133 MP: 12/12
 11483 | IceCv    | XOM: enchant monster (good)
 11484 | IceCv    | XOM: noise
 11491 | IceCv    | Killed a white draconian
 11496 | IceCv    | XOM: divination: detect creatures
 11780 | Lair:5   | XOM: cast spell 'Summon Horrible Things'
 11785 | Lair:5   | XOM: potion effect (agility)
 11792 | Lair:5   | XOM: polymorph blink frog -> human
 11795 | Lair:5   | XOM: confusion (+ monsters)
 11899 | Lair:4   | XOM: harmless Ice miscast
 11955 | Lair:5   | XOM: harmless Fire miscast
 11991 | Lair:5   | Reached skill level 10 in Dodging
 12187 | Lair:5   | Reached skill level 10 in Fighting
 12549 | Lair:5   | Identified a +4 rod of ignition (9/9) (You found it in a labyrinth)
 12806 | Lair:5   | XOM: fake destruction
 12889 | Lair:6   | Entered Level 6 of the Lair of Beasts
 12899 | Lair:6   | Found a stormy altar of Qazlal.
 13008 | Lair:6   | XOM: scenery: create altars
 13066 | Lair:6   | XOM: polymorph hornet -> two-headed ogre
 13068 | Lair:6   | XOM: summons 6 hostile demons
 13071 | Lair:6   | HP: 6/133 [hornet (13)]
 13272 | Lair:6   | XOM: 1-stop teleportation journey
 13374 | Lair:6   | Found a viscous altar of Jiyva.
 13375 | Lair:6   | Found a staircase to the Slime Pits.
 13378 | Lair:6   | Fell from the grace of Xom
 13378 | Lair:6   | Became a worshipper of Jiyva Juypu the Shapeless
 13538 | Lair:1   | Reached * piety under Jiyva
 13728 | D:10     | Entered Level 10 of the Dungeon
 13731 | D:10     | Found Ebaikkua's General Store.
 14020 | D:10     | Reached ** piety under Jiyva
 14056 | D:10     | Reached skill level 16 in Unarmed Combat
 14138 | D:10     | Found a staircase to the Orcish Mines.
 14273 | D:10     | Reached *** piety under Jiyva
 14600 | D:11     | Noticed Maurice
 14610 | D:11     | Killed Maurice
 14825 | D:11     | Found Dubo Lod's General Store.
 14876 | D:11     | Gained mutation: Your muscles are strong. (Str +2) [Jiyva's grace]
 14899 | D:11     | XOM: cloud trail
 14917 | D:11     | Reached **** piety under Jiyva
 15108 | D:12     | Found a shattered altar of Ashenzari.
 15108 | D:12     | Noticed Urug
 15350 | D:12     | XOM: noise
 15384 | D:12     | Found Wuuranur's Antique Weapon Boutique.
 15451 | D:12     | Gained mutation: Your body has grown golden eyes which may confuse attackers. (Acc +3) [Jiyva's grace]
 15454 | D:12     | Reached ***** piety under Jiyva
 15547 | D:12     | Found Sifaudan's Magic Scroll Emporium.
 15557 | D:12     | XOM: give mutations
 15557 | D:12     | Lost mutation: Your system is resistant to poisons. (rPois) [Xom's mischief]
 15557 | D:12     | Lost mutation: You have a moderately thin skeletal structure. (Dex +4, Stealth+) [Xom's mischief]
 15641 | D:12     | Gained mutation: You occasionally shout uncontrollably at your foes. [Jiyva's grace]
 15702 | D:12     | Killed Urug
 15812 | D:12     | Gained mutation: You sometimes yell uncontrollably at your foes. [mutagenic meat]
 15948 | Lair:1   | Reached XP level 14. HP: 131/144 MP: 13/13
 16155 | Lair:6   | Gained mutation: You are covered in slimy tendrils that may disarm your opponents. [Jiyva's grace]
 16213 | Lair:6   | Noticed an acid blob
 16213 | Lair:6   | an eight-headed hydra changed into an acid blob
 16229 | Slime:1  | Entered Level 1 of the Pits of Slime
 16231 | Slime:1  | Noticed an acid blob
 16281 | Slime:1  | Noticed an acid blob
 16282 | Slime:1  | Noticed an acid blob
 16313 | Slime:2  | Noticed an acid blob
 16317 | Slime:2  | Killed an acid blob
 16352 | Slime:4  | XOM: mild Fire miscast
 16354 | Slime:4  | Noticed an acid blob
 16367 | Slime:5  | Entered Level 5 of the Pits of Slime
 16408 | Slime:5  | Noticed an acid blob
 16419 | Slime:5  | Noticed the Royal Jelly
 16421 | Slime:5  | Found a viscous altar of Jiyva.
 16421 | Slime:5  | Noticed an acid blob
 16423 | Slime:5  | Noticed an acid blob
 16425 | Slime:5  | Noticed an acid blob
 16427 | Slime:5  | Noticed an azure jelly
 16427 | Slime:5  | Noticed an acid blob
 16427 | Slime:5  | Killed an acid blob
 16455 | Slime:5  | Noticed an acid blob
 16475 | Slime:4  | Noticed an acid blob
 16475 | Slime:4  | Noticed an acid blob
 16475 | Slime:4  | Noticed an acid blob
 16484 | Slime:3  | Noticed an acid blob
 16491 | Slime:3  | Noticed an azure jelly
 16531 | Slime:2  | Noticed an acid blob
 16559 | Slime:1  | Noticed an acid blob
 16671 | Slime:2  | Noticed an acid blob
 16840 | Lair:6   | Found a runed door.
 16868 | Lair:6   | XOM: torment (33/144 hp)
 17013 | Lair:6   | Reached skill level 1 in Armour
 17055 | Lair:6   | Paralysed by a hornet for 2 turns
 17083 | Lair:6   | XOM: summons 2 hostile demons
 17518 | Lair:6   | Lost mutation: Your body has grown golden eyes which may confuse attackers. (Acc +3) [Jiyva's grace]
 17703 | Lair:1   | Noticed an azure jelly
 17703 | Lair:1   | an eight-headed hydra changed into an azure jelly
 18126 | Orc:1    | Entered Level 1 of the Orcish Mines
 18173 | Orc:1    | Reached skill level 17 in Unarmed Combat
 18320 | Orc:2    | Entered Level 2 of the Orcish Mines
 18334 | Orc:2    | Noticed an orc warlord
 18335 | Orc:2    | Noticed an orc warlord
 18362 | Orc:1    | Slimified an orc warlord
 18362 | Orc:1    | Noticed an azure jelly
 18362 | Orc:1    | an orc warlord changed into an azure jelly
 18362 | Orc:1    | Gained mutation: You have sharp toenails. [Jiyva's grace]
 18379 | Orc:1    | Reached ****** piety under Jiyva
 18380 | Orc:1    | Gained mutation: Your translucent skin slightly reduces your foes' accuracy. (Stealth) [Jiyva's grace]
 18426 | Orc:1    | XOM: medium Chrm miscast
 18569 | Orc:2    | Found Coxenise's Magic Scroll Shoppe.
 18677 | Orc:1    | Lost mutation: You are covered in slimy tendrils that may disarm your opponents. [Jiyva's grace]
 18734 | Orc:2    | Found Joegh's Antique Weapon Boutique.
 18886 | Orc:1    | XOM: draining
 19082 | Orc:1    | XOM: polymorph jelly -> steam dragon
 19296 | Orc:1    | Slimified an orc warlord
 19296 | Orc:1    | Noticed an acid blob
 19296 | Orc:1    | an orc warlord changed into an acid blob
 19374 | Orc:2    | XOM: medium Air miscast
 19442 | Orc:2    | Lost mutation: Your translucent skin slightly reduces your foes' accuracy. (Stealth) [Jiyva's grace]
 19449 | Orc:2    | Found a staircase to the Elven Halls.
 19452 | Orc:2    | Gained mutation: You are agile. (Dex +2) [Jiyva's grace]
 19459 | Orc:2    | Gained mutation: You are resistant to electric shocks. (rElec) [Jiyva's grace]
 19472 | Orc:2    | Lost mutation: Your muscles are strong. (Str +2) [Jiyva's grace]
 19518 | Orc:2    | Found Bankan's General Store.
 19526 | Orc:2    | Bought a scroll of teleportation for 36 gold pieces
 19526 | Orc:2    | Bought a lamp of fire for 480 gold pieces
 19603 | Orc:2    | Found Tair's Book Emporium.
 19622 | Orc:2    | Found Retijycs's Antique Armour Shoppe.
 19626 | Orc:2    | Noticed Azrael
 19635 | Orc:2    | Killed Azrael
 19666 | Orc:2    | Lost mutation: You are dopey. (Int -2) [Jiyva's grace]
 20122 | D:13     | Lost mutation: You sometimes yell uncontrollably at your foes. [Jiyva's grace]
 20250 | D:13     | Gained mutation: Your translucent skin slightly reduces your foes' accuracy. (Stealth) [Jiyva's grace]
 20570 | D:13     | Noticed a frost giant
 20591 | D:13     | XOM: blink monster(s)
 20593 | D:13     | HP: 5/146 [centaur warrior (4)]
 20824 | D:13     | Gained mutation: You have a pair of small horns on your head. [mutagenic meat]
 20826 | D:13     | Found a runed gate.
 20826 | D:13     | Found a runed gate.
 20826 | D:13     | Found a runed gate.
 20880 | D:13     | Upgraded the game from 0.19.0-19-g8c6edcc to 0.19.0-20-gbc5f0c6
 20887 | D:13     | XOM: polymorph slime creature -> shock serpent
 21004 | D:13     | Reached skill level 5 in Armour
 21461 | D:13     | Gained mutation: You are partially covered in rugged brown scales. (AC +1, +3% HP) [Jiyva's grace]
 21554 | D:13     | Found a runed gate.
 21554 | D:13     | Found a runed gate.
 21554 | D:13     | Found a runed gate.
 21955 | D:13     | Gained mutation: You have a small jelly attached to you that may absorb incoming projectiles. [Jiyva's grace]
 22016 | D:13     | Noticed an azure jelly
 22016 | D:13     | an ettin changed into an azure jelly
 22136 | D:13     | Identified the Guide on Arcane Weapons
 22167 | D:13     | Gained mutation: You are resistant to hostile enchantments. (MR+) [Jiyva's grace]
 22175 | D:13     | Gained mutation: You have a small jelly attached to you that senses nearby items. [Jiyva's grace]
 22215 | D:13     | Slimified a frost giant
 22215 | D:13     | Noticed an azure jelly
 22215 | D:13     | a frost giant changed into an azure jelly
 22289 | D:14     | XOM: noise
 22448 | D:14     | Reached XP level 15. HP: 153/160 MP: 14/14
 22506 | D:14     | Found a gate to the Vaults.
 22511 | D:14     | Lost mutation: You occasionally shout uncontrollably at your foes. [Jiyva's power]
 22513 | D:14     | Noticed an azure jelly
 22513 | D:14     | a vault guard changed into an azure jelly
 22527 | D:14     | XOM: enchant monster (bad)
 22549 | D:14     | Lost mutation: You have a pair of small horns on your head. [Jiyva's grace]
 22595 | D:14     | Lost mutation: You have a small jelly attached to you that may absorb incoming projectiles. [Jiyva's grace]
 22871 | D:14     | Identified Sif Muna's Last Almanac of the Deep Elf Lorekeeper
 23181 | D:15     | Entered Level 15 of the Dungeon
 23257 | D:15     | Gained mutation: Your rubbery body absorbs attacks. (AC +1, EV +1) [Jiyva's grace]
 23306 | D:15     | Lost mutation: You are partially covered in yellow scales. (AC +2) [Jiyva's grace]
 23340 | D:15     | Noticed an azure jelly
 23340 | D:15     | an orc knight changed into an azure jelly
 23365 | D:15     | Lost mutation: You have a small jelly attached to you that senses nearby items. [Jiyva's grace]
 23387 | D:15     | Found a staircase to the Depths.
 23427 | D:15     | Gained mutation: You have a small jelly attached to you that may absorb incoming projectiles. [Jiyva's grace]
 23475 | D:15     | Noticed an azure jelly
 23475 | D:15     | a five-headed hydra changed into an azure jelly
 23513 | D:15     | Lost mutation: You are agile. (Dex +2) [Jiyva's grace]
 23607 | D:15     | XOM: mild Chrm miscast
 23652 | D:15     | Got a smoking cloak
 23663 | D:15     | Identified the cursed +0 cloak "Beeffune" {rC+ MR- Dex+9} (You found it on level 15 of the Dungeon)
 24120 | D:15     | Lost mutation: Your translucent skin slightly reduces your foes' accuracy. (Stealth) [Jiyva's grace]
 24154 | D:15     | Lost mutation: Your body sometimes deteriorates upon taking damage. [Jiyva's power]
 24346 | Swamp:1  | Entered Level 1 of the Swamp
 24460 | Swamp:1  | Lost mutation: You are partially covered in rugged brown scales. (AC +1, +3% HP) [Jiyva's grace]
 24500 | Swamp:1  | Noticed a tentacled monstrosity
 24506 | Swamp:1  | Killed a tentacled monstrosity
 24796 | Swamp:1  | Reached skill level 18 in Unarmed Combat
 24838 | Swamp:1  | Lost mutation: You have a small jelly attached to you that may absorb incoming projectiles. [Jiyva's grace]
 24906 | Swamp:1  | XOM: summons 2 hostile demons
 25175 | Swamp:2  | Noticed a thorn hunter
 25184 | Swamp:3  | Noticed Louise
 25190 | Swamp:3  | Slimified Louise
 25190 | Swamp:3  | Noticed Louise
 25190 | Swamp:3  | Louise changed into Louise the slime creature
 25192 | Swamp:3  | XOM: noise
 25208 | Swamp:2  | Noticed an azure jelly
 25208 | Swamp:2  | a seven-headed hydra changed into an azure jelly
 25264 | Swamp:2  | Gained mutation: You have a small jelly attached to you that may absorb incoming projectiles. [Jiyva's grace]
 25268 | Swamp:2  | Noticed Frances
 25272 | Swamp:2  | Slimified Frances
 25272 | Swamp:2  | Noticed Frances
 25272 | Swamp:2  | Frances changed into Frances the slime creature
 25669 | Swamp:2  | Noticed an acid blob
 25669 | Swamp:2  | an alligator changed into an acid blob
 25899 | Lair:6   | Lost mutation: You can translocate small distances at will. [Jiyva's grace]
 25939 | Swamp:2  | Killed a thorn hunter
 26165 | Swamp:2  | Paralysed by a hornet for 2 turns
 26193 | Swamp:2  | XOM: noise
 26553 | Swamp:3  | Killed a thorn hunter
 27041 | Swamp:4  | Entered Level 4 of the Swamp
 27081 | Swamp:3  | HP: 3/158 [four-headed hydra (8)]
 27082 | Swamp:3  | Noticed an acid blob
 27082 | Swamp:3  | a four-headed hydra changed into an acid blob
 27105 | Swamp:3  | XOM: mild Summ miscast
 27275 | Swamp:3  | XOM: noise
 27299 | Swamp:4  | Gained mutation: You possess an exceptional clarity of mind. [Jiyva's grace]
 27332 | Swamp:4  | Reached XP level 16. HP: 146/167 MP: 15/15
 27369 | Swamp:4  | XOM: harmless Pois miscast
 27481 | Swamp:4  | XOM: potion effect (might)
 27498 | Swamp:4  | XOM: mild Erth miscast
 27498 | Swamp:4  | Was forgiven by Xom
 27658 | Swamp:4  | Noticed the 27-headed Lernaean hydra
 27682 | Swamp:4  | Slimified the 27-headed Lernaean hydra
 27682 | Swamp:4  | Noticed an azure jelly shaped Lernaean hydra
 27682 | Swamp:4  | the 27-headed Lernaean hydra changed into an azure jelly shaped Lernaean hydra
 27768 | Swamp:4  | Gained mutation: You have razor-sharp toenails. [Jiyva's grace]
 27784 | Swamp:4  | Lost mutation: Your rubbery body absorbs attacks. (AC +1, EV +1) [Jiyva's grace]
 27788 | Swamp:4  | HP: 4/167 [shambling mangrove (31)]
 27789 | Swamp:4  | Slain by a shambling mangrove

Skill      XL: |  1  2  3  4  5  6  7  8  9 10 11 12 13 14 15 |
---------------+----------------------------------------------+-----
Dodging        | 2 3 4 5 6 7 8 9 10 | 10.8
Unarmed Combat | 4 5 6 7 8 10 12 13 15 16 17 18 | 18.4
Fighting       | 3 4 5 6 7 8 9 10 11 12 | 12.8
Armour         | 5 9 |  9.8

Action                   |  1- 3 |  4- 6 |  7- 9 | 10-12 | 13-15 | 16-18 || total
-------------------------+-------+-------+-------+-------+-------+-------++-------
Melee: Unarmed           |   100 |    98 |   316 |   471 |  1332 |    86 ||  2403
       Punch             |     1 |     1 |    11 |    33 |   141 |    13 ||   200
       Kick              |       |       |       |       |   323 |    47 ||   370
       Headbutt          |       |       |       |       |    24 |       ||    24
Invok: Slimify           |       |       |       |       |    25 |     1 ||    26
       Cure Bad Mutation |       |       |       |       |     2 |       ||     2
       Request Jelly     |       |       |       |       |       |     1 ||     1
Evoke: Wand              |       |       |       |       |     9 |     1 ||    10
  Use: Potion            |       |     1 |     3 |    18 |    11 |     1 ||    34
       Scroll            |       |       |       |    20 |    13 |     1 ||    34
 Stab: Sleeping          |     1 |     1 |    10 |     5 |     4 |       ||    21
       Confused          |       |       |     1 |     1 |     1 |       ||     3
       Distracted        |       |       |       |     3 |     3 |       ||     6
       Petrified         |       |       |       |     1 |       |       ||     1
  Eat: Chunk             |    16 |     5 |    30 |    51 |    55 |       ||   157
       Bread ration      |       |       |       |     3 |     1 |       ||     4
       Beef jerky        |       |       |       |       |     1 |       ||     1
       Meat ration       |       |       |       |       |     1 |       ||     1
Armor: Robe              |    46 |    22 |   100 |   112 |    69 |       ||   349
       Fire dragon scale |       |       |       |       |   398 |    43 ||   441
       Skin              |       |       |       |       |     8 |       ||     8
Dodge: Dodged            |    48 |    36 |   177 |   316 |  1061 |    74 ||  1712
